 Dungeon Crawl Stone Soup version 0.27-a0-1228-gfd60fd639a (webtiles) character file.

Game seed: 7610322474433505043

37 ZappyNine the Grave Robber (level 3, 0/29 HPs)
             Began as a Draconian Necromancer on June 7, 2021.
             Succumbed to an adder's poison
             ... on level 1 of the Dungeon.
             The game lasted 00:02:44 (1537 turns).

ZappyNine the Grave Robber (Draconian Necromancer)  Turns: 1537, Time: 00:02:44

Health: 0/29       AC:  5    Str: 10    XL:     3   Next: 21%
Magic:  6/6        EV: 12    Int: 16    God:
Gold:   33         SH:  0    Dex: 11    Spells: 2/6 levels left

rFire    . . .     SeeInvis .   b - +0 dagger (speed)
rCold    . . .     Faith    .   (no shield)
rNeg     . . .     Spirit   .   (armour unavailable)
rPois    .         Reflect  .   (helmet restricted)
rElec    .         Harm     .   (no cloak)
rCorr    .         Rampage  .   (no gloves)
Will     .....                  (no boots)
Stlth    ++........             (no amulet)
HPRegen  0.09/turn              (no ring)
MPRegen  0.10/turn              (no ring)

@: lethally poisoned (0 -> -4), attractive, flying, hasted, very quick
A: AC +5, unfitting armour, cold-blooded
a: no special abilities


You were on level 1 of the Dungeon.
You visited 1 branch of the dungeon, and saw 2 of its levels.

You collected 33 gold pieces.

Inventory:

Hand Weapons
 b - a +0 dagger of speed (weapon)


   Skills:
 + Level 2.2 Fighting
 - Level 1.7 Dodging
 - Level 1.7 Stealth
 - Level 2.0 Spellcasting
 + Level 4.5 Necromancy


You had 2 spell levels left.
You knew the following spells:

 Your Spells              Type           Power      Damage    Failure   Level
a - Pain                  Necr           64%        1d7       3%          1
b - Vampiric Draining     Necr           8%         2d7       10%         3

Your spell library contained the following spells:

 Spells                   Type           Power      Damage    Failure   Level
 Animate Skeleton         Necr           32%        N/A       3%          1
 Animate Dead             Necr           8%         N/A       30%         4
 Agony                    Necr           16%        N/A       65%         5


Dungeon Overview and Level Annotations

Branches:
Dungeon (2/15)

Altars:


Innate Abilities, Weirdness & Mutations

Your plain brown scales are hard. (AC +5)
You cannot fit into any form of body armour.
You are cold-blooded and may be slowed by cold attacks.


Message History

The bat hits you but does no damage. The bat closely misses you.
The bat barely misses you. The bat closely misses you.
The bat is pulled toward you! The bat misses you.
The adder is pulled toward you! The bat is pulled toward you!
The bat is pulled toward you! The bat is pulled toward you!
The bat is pulled toward you! The adder is pulled toward you!
The bat is pulled toward you!
You hit the adder but do no damage.
The adder is moderately wounded.
The adder bites you.
* * * LOW HITPOINT WARNING * * *
You are lethally poisoned!
The adder poisons you!
Unknown command.
You barely miss the adder.
You tail-slap the adder, but do no damage.
The adder is moderately wounded.
* * * LOW HITPOINT WARNING * * *
You feel sick.
Unknown command.
You miss the adder.
The adder is moderately wounded.
* * * LOW HITPOINT WARNING * * *
You feel sick. The adder closely misses you.
Unknown command.
Unknown command.
You aren't carrying any potions.
You miss the adder.
The adder is moderately wounded.
Unknown command.
You hit the adder but do no damage.
Your tail-slap misses the adder.
The adder is moderately wounded.
The adder bites you but does no damage.
Unknown command.
You hit the adder.
The adder is severely wounded.
You die...

#.# #.# #.####### #.#
#.# #.......# ######.#
#.# #######.# (......#
#.# ##### #.# ########
#.###...## #.#
#.##.....######.#
######
#b##............#
.....#
#S##...>.########
####.#### #@###...##
#.......# #.# ##)##
#.#####.# #.# #.# #.#
#.########.# #.# #.#
#..........####.# #.#
#.######........#
#.#####........########
#.......########
##.######


You could see an adder and a bat.

Vanquished Creatures
  A dart slug (D:1)
  3 endoplasms (D:1)
  A giant cockroach (D:1)
  2 goblins (D:1)
  3 hobgoblins (D:1)
  5 jackals (D:1)
  2 kobolds (D:1)
  2 quokkas (D:1)
  3 ball pythons (D:1)
  A ball python skeleton (D:2)
  3 bats
  A frilled lizard (D:1)
  3 rats (D:1)
30 creatures vanquished.

Vanquished Creatures (others)
  25 plants (D:1)
25 creatures vanquished.

Grand Total: 55 creatures vanquished

Notes
Turn   | Place    | Note
-------+----------+-------------------------------------------
     0 | D:1      | ZappyNine the Draconian Necromancer began the quest for the
                  | Orb.
     0 | D:1      | Reached XP level 1. HP: 14/14 MP: 3/3
    82 | D:1      | Reached skill level 1 in Fighting
   404 | D:1      | Reached XP level 2. HP: 21/23 MP: 5/5
  1152 | D:1      | Reached XP level 3. HP: 26/29 MP: 6/6
  1156 | D:1      | Learned a level 3 spell: Vampiric Draining
  1534 | D:1      | HP: 1/29 [poisoned by an adder]
  1537 | D:1      | Succumbed to an adder's poison

Illustrated notes

Levels and vault maps discovered:
D:1:      eino_arrival_tree_alley, layout_loops_ring, supply_closet_lemuel
D:2:      layout_rooms, serial_undead, serial_undead_f, serial_undead_a,
          serial_undead_a, serial_undead_b, shapermc_ecumenical_altar_gd,
          basic_altar, chequers_serial_rivers_micro_e

Skill      XL: |  1  2 |
---------------+-------+-----
Fighting       | 1 2 |  2.2
Dodging        | |  1.7
Stealth        | |  1.7
Spellcasting   | |  2.0
Necromancy     | |  4.5

Action                   || total
-------------------------++-------
Melee: Unarmed           ||    28
       Tailslap          ||    13
       Dagger            ||    82
       Club              ||     4
 Cast: Pain              ||    13
  Use: Potion            ||     3
 Stab: Sleeping          ||     3
Armor: Skin              ||    41
Dodge: Dodged            ||    86

Table legend: (Time is in decaauts)
 A = Elapsed time spent in this place.
 B = Non-inter-level travel time spent in this place.
 C = Inter-level travel time spent in this place.
 D = Time resting spent in this place.
 E = Time spent auto-exploring this place.
 F = Levels seen in this place.
 G = Mean time per level.
                   A        B        C        D        E       F      G
               +--------+--------+--------+--------+--------+-----+--------+
         Total |   1500 |   1482 |     18 |     37 |   1190 |   2 |  750.0 |
       Dungeon |   1500 |   1482 |     18 |     37 |   1190 |   2 |  750.0 |
               +--------+--------+--------+--------+--------+-----+--------+

Top non-repeatable levels by time:
     D:1: 1482 daAuts
     D:2: 18 daAuts
